Map: Void Training Stage 1

Players

Pain - Winner!

  • Race: Protoss Protoss
  • Spawn Location: 11:00

Player 2

  • Race: Protoss Protoss
  • Spawn Location: 5:00

VOD

Have the link to the VOD?

Description

Time

  • Played on: Jan. 2, 2017, 9:24 p.m.
  • Length: 13:53
Show
View Real Time Build Order
Export as new Build Order

Pain Protoss - Winner!

Build Orders:  

Get SALT Encoding   

  12  0:10  Probe (Chrono Boost)  
  13  0:20  Probe (Chrono Boost)  
  14  0:31  Probe (Chrono Boost)  
  15  0:58  Pylon  
  15  1:14  Assimilator  
  15  1:16  Probe (Chrono Boost)  
  16  1:26  Probe (Chrono Boost)  
  17  1:53  Assimilator  
  18  1:54  Probe (Chrono Boost)  
  18  2:03  Gateway  
  18  2:04  Probe (Chrono Boost)  
  19  2:09  Pylon  
  19  2:15  Probe (Chrono Boost)  
  20  2:26  Probe (Chrono Boost)  
  21  2:36  Probe (Chrono Boost)  
  22  2:37  Nexus  
  22  2:58  Gateway  
  22  3:04  Pylon  
  22  3:25  Pylon  
  22  3:26  Zealot  
  24  3:54  Zealot  
  26  3:59  Assimilator  
  26  4:15  Zealot  
  28  4:21  Zealot  
  28  4:23  Probe (Chrono Boost)  
  30  4:33  Probe (Chrono Boost)  
  31  4:42  Zealot  
  31  4:43  Probe (Chrono Boost)  
  31  4:44  Probe (Chrono Boost)  
  35  4:48  Zealot  
  37  4:54  Probe (Chrono Boost)  
  38  5:04  Probe (Chrono Boost)  
  38  5:05  Cybernetics Core  
  39  5:08  Probe (Chrono Boost)  
  39  5:09  Zealot  
  42  5:15  Zealot, Probe (Chrono Boost)  
  42  5:18  Probe (Chrono Boost)  
  46  5:26  Probe (Chrono Boost)  
  47  5:29  Probe (Chrono Boost)  
  48  5:35  Assimilator  
  48  5:36  Zealot, Probe (Chrono Boost)  
  48  5:42  Zealot  
  53  5:51  Pylon  
  53  5:57  Pylon  
  53  6:09  Zealot  
  54  6:29  Probe (Chrono Boost)  
  55  6:36  Zealot  
  55  6:39  Probe (Chrono Boost)  
  58  6:40  Gateway  
  58  6:50  Probe (Chrono Boost)  
  59  6:55  Probe (Chrono Boost)  
  59  7:00  Probe (Chrono Boost)  
  61  7:03  Zealot  
  61  7:07  Pylon  
  63  7:11  Probe (Chrono Boost)  
  64  7:21  Probe (Chrono Boost)  
  65  7:28  Cybernetics Core  
  65  7:30  Stalker  
  67  7:47  Stalker  
  69  8:00  Stalker  
  71  8:17  Stalker  
  71  8:19  Warp Gate  
  73  8:30  Stalker  
  75  8:47  Stalker  
  77  8:49  Nexus  
  77  9:00  Stalker  
  79  9:05  Pylon  
  79  9:17  Stalker  
  81  9:30  Stalker  
  83  9:47  Stalker  
  83  9:50  Gateway  
  85  9:57  Pylon  
  85  10:00  Adept, Pylon  
  87  10:10  Probe (Chrono Boost)  
  88  10:17  Stalker  
  88  10:20  Probe (Chrono Boost)  
  91  10:27  Adept  
  93  10:31  Probe (Chrono Boost)  
  94  10:41  Probe (Chrono Boost)  
  95  10:46  Assimilator  
  95  10:47  Stalker  
  97  10:52  Probe (Chrono Boost)  
  97  10:54  Adept  
  100  11:06  Stalker  
  102  11:17  Stalker  
  104  11:21  Adept  
  101  11:47  Stalker  
  100  12:17  Stalker  
  102  12:33  Stalker  
  104  12:47  Stalker  
  106  13:03  Stalker  
Show
View Real Time Build Order
Export as new Build Order

Player 2 Protoss 

Build Orders:  

Get SALT Encoding   

  12  0:01  Probe (Chrono Boost)  
  13  0:11  Probe (Chrono Boost)  
  14  0:20  Pylon  
  14  0:36  Assimilator  
  14  0:41  Gateway  
  14  0:46  Pylon  
  14  1:12  Assimilator  
  14  1:19  Probe (Chrono Boost)  
  15  1:30  Probe (Chrono Boost)  
  15  1:32  Cybernetics Core  
  16  1:40  Probe (Chrono Boost)  
  17  1:51  Probe (Chrono Boost)  
  18  1:57  Warp Gate  
  18  2:02  Probe (Chrono Boost)  
  18  2:08  Stalker  
  19  2:14  Probe (Chrono Boost)  
  22  5:41  Zealot  
  24  5:44  Probe (Chrono Boost), Pylon  
  25  5:56  Probe (Chrono Boost)  
  26  5:58  Nexus  
  26  6:07  Probe (Chrono Boost)  
  27  6:18  Probe (Chrono Boost)  
  28  6:22  Pylon  
  26  6:28  Probe (Chrono Boost)  
  27  6:38  Zealot  
  30  6:40  Probe (Chrono Boost)  
  30  7:11  Probe (Chrono Boost)  
  31  7:18  Probe (Chrono Boost)  
  31  7:22  Assimilator  
  32  7:25  Probe (Chrono Boost)  
  33  7:33  Probe (Chrono Boost)  
  33  7:36  Stalker  
  36  7:37  Assimilator  
  36  7:39  Probe (Chrono Boost)  
  37  7:46  Probe (Chrono Boost)  
  38  7:54  Probe (Chrono Boost)  
  39  8:01  Probe (Chrono Boost)  
  40  8:08  Probe (Chrono Boost)  
  41  8:15  Probe (Chrono Boost)  
  42  8:22  Probe (Chrono Boost)  
  43  8:29  Probe (Chrono Boost)  
  44  8:36  Probe (Chrono Boost)  
  45  8:44  Probe (Chrono Boost)  
  46  11:20  Sentry  
  48  11:30  Gateway  
  48  12:00  Twilight Council  
  48  12:30  Nexus  
  47  12:58  Probe (Chrono Boost)  
  47  13:07  Sentry  
  42  13:23  Probe (Chrono Boost)  
  22  13:36  Stalker  
  22  13:39  Probe (Chrono Boost)  
Tags
 
Matchup
PvP
Replay Pack
RP
Spawn Locations
Cross Positions
Add a new tag
Caveats
  • Supply blocks, unpowered buildings, or Contaminate may cause inaccurate times.
  • Supply counts are checked every 10 seconds.